 Dungeon Crawl Stone Soup version 0.30.0-5-g1a98f26d00 (webtiles) character file.

Game seed: 17916263850188429966

43424 jasper the Severer (level 14, -2/126 HPs)
             Began as a Formicid Fighter on May 12, 2023.
             Was a High Priest of Ashenzari.
             Slain by an orc knight
             ... wielding a +0 war axe
              (21 damage)
             ... on level 2 of the Orcish Mines.
             The game lasted 00:34:39 (19247 turns).

jasper the Severer (Formicid Fighter)              Turns: 19247, Time: 00:34:40

Health: -2/126     AC: 21    Str: 25    XL:     14   Next: 60%
Magic:  29/29      EV:  9    Int:  9    God:    Ashenzari [*****.]
Gold:   1359       SH: 15    Dex: 13    Spells: 14/14 levels left

rFire   . . .        f - +0 battleaxe (flame)
rCold   . . .        B - +0 kite shield
rNeg    . . .        z - +2 chain mail "Unveiling Failure" {rPois, Cun, Fort} (curse)
rPois   +            (helmet unavailable)
rElec   .            b - +0 cloak of Ashenzari's Stickiness {Self, Fort} (curse)
rCorr   .            t - +0 pair of gloves of Ashenzari's Planets {Melee, Elem} (curse)
SInv    +            s - +0 pair of boots "Eternal With Me" {Self, Cun} (curse)
Will    ++...        D
                       - Hermit's Pendant {Faith Invo=14 Evo=0 MP+5, Comp, Fort} (curse) Stlth
                     w - ring "Regret of Ashenzari" {Will+, Range, Self} (curse)
HPRegen 0.41/turn    O - ring "Gnostic Urgency" {Slay+4, Evo, Fort} (curse)
MPRegen 0.21/turn

%: clarity, faith
@: no status effects
A: permanent stasis, dig shafts and tunnels, antennae 3, four strong arms
a: Dig, Shaft Self, Renounce Religion, Shatter the Chains


You were on level 2 of the Orcish Mines.
You worshipped Ashenzari.
Ashenzari was extremely pleased with you.
You visited 4 branches of the dungeon, and saw 18 of its levels.

You collected 1638 gold pieces.
You spent 279 gold pieces at shops.

Inventory:

Hand Weapons
 f - a +0 battleaxe of flaming (weapon)
 x - a +2 battleaxe
Missiles
 a - a silver boomerang
 e - 2 silver javelins
 k - 14 poisoned darts (quivered)
 G - 6 atropa-tipped darts
 R - 8 javelins
 X - 10 curare-tipped darts
 Y - 12 boomerangs
Armour
 b - the cursed +0 cloak of Ashenzari's Stickiness (worn) {Self, Fort}
   (You found it on level 3 of the Lair of Beasts)

   It has a curse which improves the following skills: Introspection: Fighting
   and Spellcasting.
   Fortitude: Armour and Shields.
 c - a +0 plate armour of fire resistance
 o - a +3 plate armour
 s - the cursed +0 pair of boots "Eternal With Me" (worn) {Self, Cun}
   (You found it on level 3 of the Dungeon)

   It has a curse which improves the following skills: Introspection: Fighting
   and Spellcasting.
   Cunning:   Dodging and Stealth.
 t - the cursed +0 pair of gloves of Ashenzari's Planets (worn) {Melee, Elem}
   (You found it on level 1 of the Lair of Beasts)

   It has a curse which improves the following skills: Melee Combat: Short
   Blades, Long Blades, Axes, Maces & Flails, Polearms, Staves and Unarmed
   Combat.
   Elements:  Fire Magic, Ice Magic, Air Magic and Earth Magic.
 z - the cursed +2 chain mail "Unveiling Failure" (worn) {rPois, Cun, Fort}
   (You bought it in a shop on level 3 of the Dungeon)

   It has a curse which improves the following skills: Cunning: Dodging and
   Stealth.
   Fortitude: Armour and Shields.
 B - a +0 kite shield (worn)
 Q - a +2 buckler
Jewellery
 w - the cursed ring "Regret of Ashenzari" (left hand) {Will+, Range, Self}
   (You found it on level 6 of the Dungeon)

   [ring of willpower]

   Will:      It increases your willpower.
   It has a curse which improves the following skills: Ranged Combat: Ranged
   Weapons and Throwing.
   Introspection: Fighting and Spellcasting.
 y - a ring of wizardry
 D - the cursed Hermit's Pendant (around neck) {Faith Invo=14 Evo=0 MP+5, Comp, Fort}
   (You took it off an orc on level 6 of the Dungeon)

   [amulet of faith]

   Invo=14: It sets your Invocations skill to 14.
   Evo=0: It sets your Evocations skill to 0.
   It allows you to gain divine favour quickly.
   MP:        It affects your magic capacity (+5).
   It has a curse which improves the following skills: Companions: Summonings
   and Necromancy.
   Fortitude: Armour and Shields.
 O - the cursed ring "Gnostic Urgency" (right hand) {Slay+4, Evo, Fort}
   (You found it on level 7 of the Dungeon)

   [ring of slaying]

   Slay:      It affects your accuracy & damage with ranged weapons and melee
   (+4).
   It has a curse which improves the following skills: Evocations: Evocations.
   Fortitude: Armour and Shields.
 T - a ring of protection from cold
 V - a ring of flight
 W - a ring of willpower
 Z - the ring of Unodilut {rC+ EV+5 Stlth+}
   (You found it on level 1 of the Lair of Beasts)

   [ring of evasion]

   EV:        It affects your evasion (+5).
   rC:        It protects you from cold.
   Stlth:     It makes you more stealthy.
Wands
 d - a wand of flame (17)
 l - a wand of digging (9)
 v - a wand of roots (10)
 N - a wand of charming (7)
Scrolls
 g - 3 scrolls of enchant armour
 m - 2 scrolls of brand weapon
 r - a scroll of silence
 u - 2 scrolls of magic mapping
 A - 7 scrolls of fear
 I - 2 scrolls of poison
 J - 2 scrolls of fog
 L - a scroll of blinking
 M - a scroll of enchant weapon
 P - 4 scrolls of amnesia
Potions
 h - a potion of brilliance
 i - 7 potions of attraction
 j - 2 potions of magic
 n - 11 potions of curing
 p - 2 potions of invisibility
 q - 2 potions of berserk rage
 E - 2 potions of mutation
 F - 7 potions of lignification
 H - a potion of ambrosia
 K - 2 potions of flight
 S - a potion of cancellation
Miscellaneous
 U - a lightning rod (2/4)


   Skills:
 + Level 12.5(16.6) Fighting
 * Level 15.5(17.5) Axes
 + Level 12.4(17.4) Armour
 + Level 14.7(19.7) Shields


You had 14 spell levels left.
You didn't know any spells.
Your spell library contained the following spells:

 Spells                   Type           Power      Damage    Failure   Level
 Necrotise                Necr           0%         1d4       80%         1
 Slow                     Hex            0%         N/A       83%         1
 Cigotuvi's Dreadful Rot  Necr/Pois/Air  0%         N/A       91%         2
 Ensorcelled Hibernation  Hex/Ice        0%         N/A       91%         2
 Confusing Touch          Hex            0%         N/A       99%         3
 Frozen Ramparts          Ice            0%         1d1       99%         3
 Ozocubu's Armour         Ice            0%         N/A       99%         3
 Spider Form              Tmut/Pois      0%         N/A       99%         3
 Vampiric Draining        Necr           0%         2d6       99%         3
 Anguish                  Hex/Necr       0%         N/A       100%        4
 Dispel Undead            Necr           0%         3d6       100%        4
 Ice Form                 Ice/Tmut       0%         N/A       100%        4
 Summon Ice Beast         Ice/Summ       0%         N/A       100%        4
 Agony                    Necr           0%         N/A       100%        5
 Metabolic Englaciation   Hex/Ice        0%         N/A       100%        5
 Death Channel            Necr           0%         N/A       100%        6
 Simulacrum               Ice/Necr       0%         N/A       100%        6


Dungeon Overview and Level Annotations

Branches:
Dungeon (11/15)            Temple (1/1) D:4            Lair (4/5) D:8
 Shoals (0/4) Lair:2       Spider (0/4) Lair:2        Slime (0/5) Lair:4
    Orc (2/2) D:11
    Elf: Orc:2

Altars:
Ashenzari
Cheibriados
Elyvilon
Gozag
Hepliaklqana
Kikubaaqudgha
Makhleb
Nemelex Xobeh
Okawaru
Ru
Sif Muna
Trog
Vehumet
Xom
Zin
The Shining One
Jiyva

Shops:
D:3 *   D:8 [   Orc:1 *   Orc:2 :*!

Portals:
Trove: D:10 (give 3 potions of resistance)

Annotations:
Lair:4 exclusion: 3 oklob plants


Innate Abilities, Weirdness & Mutations

You cannot be hasted, slowed, berserked, paralysed or teleported.
You can dig through walls and to a lower floor.
You have a pair of large antennae on your head. (SInv)
Your four strong arms can wield two-handed weapons with a shield.


Message History

You barely miss the orc knight. You hit the orc warrior.
You burn the orc warrior.
The orc warrior hits you but does no damage.
You block the orc warrior's attack.
The orc knight roars a battlecry!
The orcs go into a battle-frenzy!
The orc warrior barely misses you. You block the orc knight's attack.
You slash the orc knight! You burn the orc knight.
The orc knight is severely wounded.
You slash the orc warrior! You burn the orc warrior.
You kill the orc warrior!
You slash the orc knight! You burn the orc knight.
You barely miss the orc warrior.
The orc knight hits you with a +0 war axe!!
The orc knight completely misses you. You block the orc warrior's attack.
The orc warrior hits you but does no damage.
You take 26 damage, and have 41/126 hp.
MASSIVE DAMAGE!!
You slice the orc knight!! You burn the orc knight.
You kill the orc knight!
You barely miss the orc knight. You hit the orc warrior.
You burn the orc warrior. You slice the orc!! You burn the orc.
You kill the orc!
The orc warrior hits you with a +0 war axe!
* * * LOW HITPOINT WARNING * * *
The orc warrior hits you from afar with a +0 glaive!
* * * LOW HITPOINT WARNING * * *
The orc barely misses you.
The orc warrior hits you with a +0 dire flail!
* * * LOW HITPOINT WARNING * * *
The orc warrior misses you.
Things that are here:
a +2 long sword of electrocution; a +0 plate armour; an orc corpse You take 23 damage, and have 19/126 hp.
You barely miss the orc warrior. You slash the orc warrior!
You burn the orc warrior!
You hit the orc warrior but do no damage.
You hit the orc knight but do no damage.
You barely miss the orc.
The orc knight hits you with a +0 war axe!!
You die...

######.....)...#
#.##.#.........#############**
* ......#.....................
, ............................
, , .............#######.###.##
,* * .#...........#∩....#.# *
*, _
#............#.....#)###.###.*
.............#.ooo.#)))......*,
.............#oo@).#)###.###.*
' .............###o###.# *, *,
...............).....# * * 8,,
.............###'##..# * ,,,
........... *....#..... ,, ,, ,
..........., #....#..####* , *,
............ #∩...#..# ,* #
......#......######..# **,* #.
≈..[.........., , ....,, ,,,,
..


You could see an orc knight (strong), 4 orc warriors and an orc (strong).

Vanquished Creatures
  An orc warlord (Orc:1)
  2 hydras
  A centaur warrior (D:10)
  A two-headed ogre (D:10)
  3 catoblepae
  6 death yaks (Lair:4)
  A pharaoh ant (Lair:2)
  Pikel (D:5)
  7 orc knights
  A wolf spider (Lair:2)
  2 orc sorcerers
  A manticore (Lair:2)
  A cyclops (D:11)
  7 elephants
  4 black mambas (Lair:1)
  A kobold demonologist (D:11)
  4 cane toads
  An unseen horror (D:11)
  2 rime drakes (Lair:3)
  8 komodo dragons
  5 trolls
  A polar bear (Lair:4)
  A burning bush (Lair:1)
  8 blink frogs
  2 hornets (D:9)
  A wind drake (Lair:2)
  A jumping spider (Lair:2)
  Sigmund (D:6)
  5 shadows (D:11)
  9 wyverns
  19 yaks
  3 basilisks
  4 vampire mosquitoes (D:11)
  A steam dragon (D:10)
  Eustachio (D:6)
  2 redbacks (Lair:2)
  A two-headed ogre zombie (D:11)
  8 wargs
  An acid dragon (D:11)
  4 water moccasins
  3 ice beasts
  3 sky beasts
  2 black bears
  33 orc warriors
  7 ogres
  16 wolves
  3 centaurs
  4 phantoms
  11 bullfrogs
  4 scorpions
  A gnoll sergeant (D:9)
  3 troll zombies (D:11)
  10 killer bees
  2 howler monkeys
  4 electric eels
  A crimson imp (D:6)
  A hound (D:5)
  3 jellies
  2 gnoll boudas
  11 orc priests
  Jessica (D:2)
  An iguana (D:7)
  12 orc wizards
  8 hell rats (Lair:1)
  4 ogre zombies (D:11)
  8 gnolls
  11 adders
  2 river rats (D:4)
  A white imp (D:7)
  An ufetubus (D:5)
  2 worms
  4 dart slugs
  92 orcs
  11 endoplasms
  7 giant cockroaches
  7 goblins
  8 hobgoblins
  4 jackals
  7 quokkas
  5 ball pythons
  13 bats
  A frilled lizard (D:2)
  4 goblin zombies (D:11)
  2 hobgoblin skeletons (D:11)
  3 hobgoblin zombies (D:11)
  7 kobolds
  16 orc zombies (D:11)
  7 rats
506 creatures vanquished.

Notes
Turn   | Place    | Note
-------+----------+-------------------------------------------
     0 | D:1      | jasper the Formicid Fighter began the quest for the Orb.
     0 | D:1      | Reached XP level 1. HP: 18/18 MP: 1/1
   180 | D:1      | Reached XP level 2. HP: 24/24 MP: 2/2
   312 | D:1      | Found a faded altar of an unknown god.
   504 | D:1      | Reached XP level 3. HP: 29/29 MP: 3/3
   939 | D:2      | Noticed Jessica
   951 | D:2      | Killed Jessica
   952 | D:2      | Reached XP level 4. HP: 24/37 MP: 4/4
  1013 | D:2      | Reached skill level 3 in Axes
  1415 | D:2      | Found a glowing silver altar of Zin.
  1540 | D:2      | Reached XP level 5. HP: 9/42 MP: 5/5
  2370 | D:3      | Reached skill level 5 in Shields
  2387 | D:3      | Found Eriddo's General Store.
  2414 | D:3      | Found an opulent altar of Gozag.
  2415 | D:3      | Found an opulent altar of Gozag.
  2420 | D:3      | Found an opulent altar of Gozag.
  2436 | D:3      | Found an opulent altar of Gozag.
  2505 | D:3      | Identified the +0 robe of the Sky {rC+}
  2872 | D:4      | Reached XP level 6. HP: 47/48 MP: 6/6
  2914 | D:4      | Found a bloodstained altar of Trog.
  2928 | D:4      | Reached skill level 4 in Axes
  3028 | D:4      | Found a white marble altar of Elyvilon.
  3028 | D:4      | Found a sparkling altar of Nemelex Xobeh.
  3028 | D:4      | Noticed an ogre
  3031 | D:4      | Killed an ogre
  3258 | D:4      | Noticed a black bear
  3272 | D:4      | Killed a black bear
  3273 | D:4      | Reached XP level 7. HP: 46/55 MP: 7/7
  3495 | D:4      | Found a staircase to the Ecumenical Temple.
  3507 | Temple   | Entered the Ecumenical Temple
  3535 | Temple   | Became a worshipper of Ashenzari the Shackled
  3999 | D:4      | Reached skill level 5 in Axes
  4300 | D:5      | Entered Level 5 of the Dungeon
  4373 | D:3      | Bought a +2 chain mail of poison resistance for 203 gold
                  | pieces
  4520 | D:5      | Noticed Pikel
  4532 | D:5      | Reached skill level 5 in Fighting
  4532 | D:5      | Reached skill level 5 in Armour
  4541 | D:5      | Killed Pikel
  4542 | D:5      | Reached skill level 6 in Axes
  4542 | D:5      | Reached XP level 8. HP: 27/64 MP: 8/8
  4757 | D:5      | Noticed a troll
  5024 | D:6      | Noticed Eustachio
  5029 | D:6      | Killed Eustachio
  5030 | D:6      | Reached XP level 9. HP: 71/71 MP: 9/9
  5036 | D:6      | Reached skill level 7 in Axes
  5349 | D:6      | Found a shimmering altar of Xom.
  5350 | D:6      | Found a burning altar of Makhleb.
  5502 | D:6      | Noticed Sigmund
  5507 | D:6      | Killed Sigmund
  5787 | D:7      | Reached skill level 8 in Axes
  6021 | D:7      | Reached XP level 10. HP: 58/79 MP: 20/20
  6597 | D:8      | Found Hinaomaxt's Armour Boutique.
  6684 | D:8      | Reached skill level 9 in Axes
  6886 | D:8      | Found a glowing golden altar of the Shining One.
  6952 | D:8      | Reached * piety under Ashenzari
  7038 | D:8      | Found a staircase to the Lair.
  7205 | D:8      | Reached ** piety under Ashenzari
  7509 | D:8      | Reached *** piety under Ashenzari
  7718 | D:8      | Found a glowing silver altar of Zin.
  7971 | D:9      | Found a sacrificial altar of Ru.
  8166 | D:9      | Reached skill level 10 in Axes
  8166 | D:9      | Reached skill level 10 in Shields
  8413 | D:9      | Reached XP level 11. HP: 87/92 MP: 21/21
  8436 | D:9      | Found a snail-covered altar of Cheibriados.
  8736 | D:9      | Found a shimmering blue altar of Sif Muna.
  8847 | D:10     | Entered Level 10 of the Dungeon
  8905 | D:10     | Noticed a two-headed ogre
  8911 | D:10     | Killed a two-headed ogre
  9035 | D:10     | Found a portal to a secret trove of treasure.
  9198 | D:10     | Noticed a centaur warrior
  9210 | D:10     | Killed a centaur warrior
  9416 | D:10     | Reached **** piety under Ashenzari
  9874 | D:11     | Reached skill level 11 in Axes
 10292 | D:11     | Found a staircase to the Orcish Mines.
 10518 | D:11     | Noticed a soul eater
 10614 | D:11     | Noticed a cyclops
 10623 | D:11     | Killed a cyclops
 10729 | D:11     | Noticed a catoblepas
 10747 | D:11     | Killed a catoblepas
 10748 | D:11     | Reached XP level 12. HP: 76/105 MP: 22/22
 11095 | D:11     | Reached ***** piety under Ashenzari
 11368 | D:5      | Found the +11 Singing Sword {sonic wave}
 11902 | Lair:1   | Entered Level 1 of the Lair of Beasts
 11908 | Lair:1   | Reached skill level 12 in Axes
 12051 | Lair:1   | Reached skill level 10 in Fighting
 12083 | Lair:1   | Reached skill level 10 in Armour
 12567 | Lair:1   | Identified the ring of Unodilut {rC+ EV+5 Stlth+}
 13272 | Lair:2   | Noticed a pharaoh ant
 13278 | Lair:2   | Found a hole to the Spider Nest.
 13285 | Lair:2   | Killed a pharaoh ant
 13310 | Lair:2   | Reached skill level 13 in Axes
 13631 | Lair:2   | Reached XP level 13. HP: 110/114 MP: 23/23
 13881 | Lair:2   | Noticed a catoblepas
 13900 | Lair:2   | Killed a catoblepas
 14066 | Lair:2   | Found a staircase to the Shoals.
 15042 | Lair:3   | Reached skill level 14 in Axes
 15187 | Lair:3   | Noticed a catoblepas
 15207 | Lair:3   | Killed a catoblepas
 15316 | Lair:3   | Noticed a six-headed hydra
 15321 | Lair:3   | Killed a six-headed hydra
 16643 | Lair:4   | Reached XP level 14. HP: 118/125 MP: 24/24
 16748 | Lair:4   | Found a viscous altar of Jiyva.
 16748 | Lair:4   | Found a staircase to the Slime Pits.
 16912 | Lair:4   | Reached ****** piety under Ashenzari
 17539 | Orc:1    | Entered Level 1 of the Orcish Mines
 17663 | Orc:1    | Found Utwileq's CLEARANCE SALE!.
 17671 | Orc:1    | Noticed an orc warlord
 17709 | Orc:1    | Killed an orc warlord
 17710 | Orc:1    | Reached skill level 15 in Axes
 17860 | Orc:1    | Bought a scroll of silence for 76 gold pieces
 18062 | Orc:2    | Entered Level 2 of the Orcish Mines
 18210 | D:11     | HP: 4/128 [orc knight/+0 battleaxe (17)]
 19113 | Orc:2    | Found Henillet's Self-Improvement Boutique.
 19237 | Orc:2    | Found Loxuh's Distillery.
 19237 | Orc:2    | Found Alenuhe's General Store.
 19247 | Orc:2    | Slain by an orc knight

Illustrated notes

Levels and vault maps discovered:
D:1:      minmay_arrival_hallway, layout_basic, basic_ecumenical_altar
D:2:      layout_loops_corners, basic_altar, serial_bayou_lake_a, uniq_jessica
D:3:      layout_basic, nicolae_gozag_conspicuous_consumption, serial_shops,
          shop
D:4:      layout_layer_cave, trog_hazing_becter,
          gammafunk_temple_overflow_elements, minmay_temple_entry_ruins,
          gup_sewer_entry_spiral
D:5:      old_forge, layout_loops_ring, uniq_pikel
D:6:      layout_basic, grunt_temple_overflow_champion_of_chaos,
          minmay_misc_feat_tower, uniq_eustachio, uniq_sigmund
D:7:      layout_rooms, minmay_small_thing
D:8:      layout_layer_cave, mainiacjoe_overflow_chevrons, marbit_many_paths,
          lair_entry_dummy, nicolae_stop_n_shop_1, fungi_pond_lemuel
D:9:      layout_small_grid, mainiacjoe_overflow_small_starburst,
          mainiacjoe_overflow_brackets, kennysheep_orc_sif_temple
D:10:     layout_cave_pods, serial_column_ruins, column_ruins_open_tiny,
          column_ruins_open_tiny, column_ruins_columns_water,
          column_ruins_open_small, column_ruins_columns_straight,
          column_ruins_grid_1, enter_trove_0
D:11:     layout_grid_maze, zombieorc2_lemuel
Temple:   nicolae_temple_bog_church
Lair:1:   layout_regular_city, serial_bayou_pond_a, st_stairs_7, evilmike_ambush
          [evilmike_ambush_outer_pillars, evilmike_ambush_inner_basic]
Lair:2:   layout_roguey, minmay_shoals_entry_beasts,
          nicolae_spider_entry_lesser_pyramids, serial_rivers,
          chequers_serial_rivers_large_b, chequers_serial_rivers_small_3,
          chequers_serial_rivers_room_b, chequers_serial_rivers_small_b,
          nicolae_lair_run_with_the_wolves
Lair:3:   layout_cave_pods, minivault_19, guppyfry_lair_drakes
Lair:4:   layout_gridlike, minmay_slime_entry_oklob_enclosed,
          serial_bayou_shore_a, grunt_megastairs_5
Orc:1:    layout_diamond_mine, nicolae_shop_clearance
Orc:2:    st_orc_town, layout_caves, nicolae_shop_self_help

Skill      XL: |  1  2  3  4  5  6  7  8  9 10 11 12 13 14 |
---------------+-------------------------------------------+-----
Axes           | 3 4 6 8 10 11 13 14 15 | 15.5
Armour         | 4 5 6 7 8 9 10 11 12 | 12.4
Fighting       | 4 5 6 7 8 9 10 11 12 | 12.5
Shields        | 5 6 7 8 10 11 12 14 | 14.7

Action                     |  1- 3 |  4- 6 |  7- 9 | 10-12 | 13-15 || total
---------------------------+-------+-------+-------+-------+-------++-------
  Melee: War axe           |    52 |   194 |   217 |   518 |   270 ||  1251
         Battleaxe         |       |       |       |       |   202 ||   202
  Throw: Stone             |     1 |    21 |    40 |    15 |       ||    77
         Dart              |       |       |       |     7 |    22 ||    29
         Javelin           |       |       |       |     2 |     9 ||    11
 Invoke: Curse Item        |       |       |     1 |     6 |     2 ||     9
         Shatter the Chain |       |       |       |       |     2 ||     2
Ability: Dig               |       |     1 |       |       |     1 ||     2
  Evoke: Wand              |       |       |     1 |     7 |     8 ||    16
         Lightning rod     |       |       |       |       |     6 ||     6
    Use: Scroll            |       |     7 |     3 |       |     2 ||    12
         Potion            |       |     2 |     2 |       |     3 ||     7
   Stab: Invisible         |       |       |       |       |     9 ||     9
 Armour: Scale mail        |    18 |   101 |    26 |       |       ||   145
         Chain mail        |       |       |   100 |   320 |   226 ||   646
  Dodge: Dodged            |    17 |    84 |    66 |   203 |   181 ||   551
  Block: Buckler           |    12 |    55 |    42 |   189 |   177 ||   475
         Kite shield       |       |       |       |       |    46 ||    46
